[Event "*** Titled Tuesday Blitz"]
[Site "Chess.com"]
[Date "2019.11.05"]
[Round "1"]
[White "LuckIsMySkill"]
[Black "Orest_Vovk"]
[Result "1-0"]
[WhiteElo "2768"]
[BlackElo "2410"]
[TimeControl "180+2"]
[EndTime "13:11:05 PST"]
[Termination "LuckIsMySkill won by resignation"]

1. Nf3 c5 2. c3 Nc6 3. d4 cxd4 4. cxd4 d5 5. h3 Nf6 6. Bf4 Bf5 7. Nc3 e6 8. e3 Bd6 9. Bb5 Bxf4 10. exf4 O-O 11. Bxc6 bxc6 12. O-O Ne4 13. Rc1 Nxc3 14. Rxc3 Qb6 15. Qd2 Qa5 16. Rfc1 Rab8 17. a3 Rb6 18. b4 Qa4 19. Ne5 Rb7 20. g4 Be4 21.
f3 Bg6 22. Rxc6 Qxa3 23. Rc8 Rb8 24. Rxf8+ Rxf8 25. Qc3 Qa2 26. Ra1 Qe2 27. Re1 Qa2 28. h4 Bc2 29. Ra1 Qb3 30. Qxb3 Bxb3 31. Rxa7 f6 32. Nc6 Bc4 33. f5 exf5 34. Ne7+ Kh8 35. Nxf5 g6 36. Nd6 Rb8 37. Rb7 Ra8 38. Rf7 Rb8 39. h5 gxh5 40. gxh5 Rxb4 41. h6 Rb8 42. Rxf6 Bd3 43. Kf2 Bg6 44. Ke3 Kg8 45. Nf5 Bxf5 46. Rxf5 Rb6 47. Rg5+ Kf8 48. Rh5 Re6+ 49. Kf4 Kg8 50.
Rg5+ Kf8 51. Rf5+ Kg8 52. Kg5 Rg6+ 53. Kh5 Rd6 54. f4 Rd8 55. Rg5+ Kh8 56. Re5 Kg8 57. f5 Kf7 58. Kg5 Rd6 59. Re3 Rd8 60. Ra3 Rg8+ 61. Kf4 Rg1 62. Ra7+ Kf6 63. Ra6+ Kf7 64.
Ke5 Re1+ 65. Kxd5 Re7 66. Re6 Rd7+ 67. Ke5 Ra7 68. d5 Ra1 69. d6 Ra5+ 70. Kf4 Ra4+ 71.
Kg5 Ra7 72. Re3 Ra1 73. Rd3 Rg1+ 74. Kf4 Ke8 75. Ke5 Kd7 76. Kf6 Rg8 77. Ra3 Rf8+ 78. Ke5 Re8+ 79. Kd5 Re1 80. Ra7+ Kd8 81. Rxh7 Rd1+ 82.
Ke6 Re1+ 83. Kf6 Rd1 84. d7 Rd6+ 85. Kg5 Rd1 86. Rg7 Rg1+ 87. Kf6 Rh1 88. h7 Rh6+ 89. Kg5 Rxh7 90. Rxh7 1-0

[Event "*** Titled Tuesday Blitz"]
[Site "Chess.com"]
[Date "2019.11.05"]
[Round "1"]
[White "Vuk2000"]
[Black "Tolya2"]
[Result "1-0"]
[WhiteElo "2789"]
[BlackElo "2416"]
[TimeControl "180+2"]
[EndTime "13:11:15 PST"]
[Termination "Vuk2000 won by resignation"]

1. d4 d5 2. Bf4 e6 3. e3 Bd6 4. Bg3 c5 5. Nd2 Nc6 6. c3 Nge7 7. Ngf3 b6 8. Bd3 Qc7 9. O-O O-O 10. Qe2 Bb7 11.
Rac1 Bxg3 12. hxg3 e5 13. dxe5 Nxe5 14. Nxe5 Qxe5 15. Ba6 Bxa6 16. Qxa6 Rfd8 17. Rfe1 Qc7 18. Nf3 h6 19. e4 dxe4 20. Rxe4 Ng6 21. Rce1 Rd7 22.
Qc4 Rad8 23. Re8+ Kh7 24. Rxd8 Rxd8 25. Qe4 Kg8 26. g4 Qd7 27. g5 hxg5 28. Nxg5 Qd3 29. Qb7 Qd7 30. Qf3 Re8 31. Rd1 Qe7 32. Qf5 a5 33.
Rd7 Qe1+ 34. Kh2 Qe5+ 35. Qxe5 Nxe5 36. Rb7 f6 37. Nh3 Re6 38. Nf4 Rd6 39. b3 Nd3 40. Nxd3 Rxd3 41. Rxb6 Rxc3 42. Ra6 Rc2 43. Rxa5 Rxf2 44.
Kg3 Rc2 45. Kf3 Kh7 46. g3 g5 47. Ke4 Kg6 48. Ra6 Re2+ 49. Kf3 Rc2 50. Ra5 f5 51. g4 f4 52. Ra6+ Kg7 53. Ke4 c4 54. Ra7+ Kf6 55.
Ra6+ Kg7 56. Ra5 cxb3 57. Rxg5+ Kh6 58. Rh5+ Kg6 59. axb3 Rf2 60. Rf5 Rb2 61. Rb5 Rf2 62.
b4 Rf1 63. Rf5 Rb1 64. b5 Rb4+ 65. Kf3 Kh6 66. Rh5+ Kg6 67. Rc5 Kf6 68. g5+ Kg6 69. Kg4 Rd4 70. Rc6+ Kg7 71. b6 Rb4 72. Rc7+ Kg6 73.
Rc6+ Kg7 74. g6 Kh6 75. Rd6 Ra4 76. Re6 Rb4 77. Rc6 Ra4 78. Kf5 f3 79. Rc7 Ra5+ 80. Kf6 Kh5 81. Rh7+ Kg4 82. g7 f2 83. g8=Q+ Kf3 84.
Rh3+ Ke2 85. Qg4+ Ke1 86. Rh1+ Kd2 87. Qf4+ Ke2 88. Qe4+ Kd2 89. Qb4+ Ke2 90. Qxa5 1-0

[Event "*** Titled Tuesday Blitz"]
[Site "Chess.com"]
[Date "2019.11.05"]
[Round "1"]
[White "vinniethepooh"]
[Black "deBaller"]
[Result "1/2-1/2"]
[WhiteElo "2679"]
[BlackElo "2338"]
[TimeControl "180+2"]
[EndTime "13:11:25 PST"]
[Termination "Game drawn by agreement"]

1. d4 Nf6 2. c4 e6 3. Nc3 Bb4 4.
e3 O-O 5. Bd3 d5 6. Nf3 c6 7.
O-O Bxc3 8. bxc3 Nbd7 9. cxd5 exd5 10. c4 Re8 11. Bb2 Ne4 12. cxd5 cxd5 13. Rc1 Nb6 14. Ne5 f6 15. Nf3 Bg4 16. h3 Bh5 17. Be2 Qd6 18. a4 Qb4 19. Ba1 Qxa4 20. Qxa4 Nxa4 21. Bb5 Nb6 22. Bxe8 Rxe8 23. Rc7 Bxf3 24. gxf3 Nd2 25. Rd1 Nxf3+ 26. Kg2 Ng5 27. Rxb7 Rc8 28. Rxa7 Rc2 29. Rb1 Nc8 30. Rb8 Ne4 31. Raa8 Rxf2+ 32. Kg1 h5 33. Rxc8+ Kh7 34. Ra7 Re2 35. Rcc7 Rxe3 36. Rxg7+ Kh6 37. Bb2 Re1+ 38. Kh2 h4 39. Rg4 f5 40. Ra6+ Kh5 41. Rg8 Re2+ 42. Rg2 Re1 43. Ra8 Ng3 44. Rxg3 hxg3+ 45. Kxg3 Re3+ 46. Kf4 Re2 47. Ba3 Rf2+ 48. Ke5 f4 49.
Kxd5 f3 50. Ke4 Rf1 51. Rf8 f2 52. Kf3 Ra1 53. Kxf2 Rxa3 54. Kg2 Rd3 55. Rd8 Kh4 56. d5 Kg5 57. d6 Kf6 58. h4 Ke6 59. h5 Kf6 60. h6 Kg6 61. d7 Kh7 62. Kf2 Rd6 63.
Ke3 Rd5 64. Ke4 Rd1 65. Kf5 Rf1+ 66. Ke6 Re1+ 67. Kd6 Rd1+ 68. Kc5 Rc1+ 69. Kb4 Rb1+ 70. Kc3 Rd1 71. Kc2 Rd6 72. Kc3 Rd1 73. Kc4 Rc1+ 74. Kd3 Rd1+ 75. Ke2 Rd6 76. Kf3 Rd1 77. Kg4 Rg1+ 78.
Kh5 Rh1+ 79. Kg5 Rg1+ 80. Kf4 Rf1+ 81. Ke4 Re1+ 82. Kf3 Rd1 83. Ke2 Rd6 84. Kf2 Rd5 1/2-1/2

[Event "*** Titled Tuesday Blitz"]
[Site "Chess.com"]
[Date "2019.11.05"]
[Round "1"]
[White "Rodalquilar"]
[Black "coolthing"]
[Result "1/2-1/2"]
[WhiteElo "2669"]
[BlackElo "2350"]
[TimeControl "180+2"]
[EndTime "13:11:37 PST"]
[Termination "Game drawn by repetition"]

1. d4 Nf6 2. Bf4 g6 3. e3 Bg7 4. Nf3 O-O 5. Be2 c5 6. O-O cxd4 7. exd4 d5 8. c3 Nc6 9. Nbd2 Bf5 10. Re1 Qb6 11. Qb3 Qxb3 12. axb3 a6 13. b4 b5 14. h3 h5 15. Ra3 Ra7 16. Rea1 Rfa8 17. Ne5 Nxe5 18. dxe5 Nd7 19. Bxb5 Nxe5 20. Rxa6 Rxa6 21.
Rxa6 Rxa6 22. Bxa6 Nd3 23. Bxd3 Bxd3 24. Nf3 Kf8 25.
Ne1 Bc4 26. Nc2 Bd3 27. Ne1 Bc4 28. f3 d4 29. Bd2 Ke8 30. Nc2 e5 31. Kf2 Kd7 32. f4 Bb3 33. Na1 Bc4 34. fxe5 Bxe5 35. Nc2 dxc3 36. bxc3 Kc6 37. Ne3 Be6 38. c4 Bd4 39. c5 Bd5 40. g3 Be6 41. h4 Kb5 42. Ke2 Bxe3 43. Kxe3 Kc4 44. Ke4 Kb5 45. Ke5 Kc6 46. Be3 Bc4 47. Kd4 Be6 48. Bc1 Bd7 49.
Ke5 Be6 50. Bf4 Kb5 51. Kd6 Kxb4 52. c6 Kb5 53. Be3 Ka6 54. Kc7 Bd5 55. Kd7 Be6+ 56.
Kd8 Bf5 57. Kc7 Be4 58. Kd6 Bf5 59. Ke5 Be6 60. Kd6 Bf5 61. Ke7 Be6 62. Ke8 Kb5 63. c7 Kc6 64. Kd8 Kb7 65. Bf4 Bc8 66. Ke7 Be6 67. Ke8 Bd5 68. Kd7 Be6+ 69. Kd6 Bc8 70. Ke5 Be6 71. Kf6 Kc8 72. Ke7 Bd5 73. Be5 Be6 74. Bd6 Bb3 75. Kf6 Ba2 76. Ke5 Bb3 77. Kf4 Be6 78. Kg5 Bd7 79. Kf6 Be6 80. Ke7 Bd5 81.
Be5 Be6 82. Bf4 Bd5 83. Kd6 Be6 84. Kc6 Bf5 85. Kd5 Be6+ 86. Kd6 Bf5 87. Ke7 Be6 88. Kf6 Bd5 89. Kg7 Be6 90. Kh6 Bd5 91. Kg5 Be6 92.
Kf6 Bd5 93. Bd6 Be6 94. Ke5 Bc4 95. Kf4 Be6 96. Kg5 Bf5 97. Be5 Be6 98. Bd6 1/2-1/2

[Event "*** Titled Tuesday Blitz"]
[Site "Chess.com"]
[Date "2019.11.05"]
[Round "1"]
[White "FairChess_on_YouTube"]
[Black "shnitez"]
[Result "1-0"]
[WhiteElo "3029"]
[BlackElo "2523"]
[TimeControl "180+2"]
[EndTime "13:11:44 PST"]
[Termination "FairChess_on_YouTube won by resignation"]

1. e4 d6 2. d4 Nf6 3. f3 e5 4.
dxe5 dxe5 5. Qxd8+ Kxd8 6. Bc4 Ke8 7. Be3 Nbd7 8. Nc3 c6 9. a4 a5 10. Nge2 Bc5 11. Bd2 Nf8 12. Ng3 Be6 13. Bxe6 Nxe6 14. O-O-O g6 15. Nce2 Ke7 16. Bc3 Nd7 17. Kb1 f6 18. Nc1 Bb4 19. Bxb4+ axb4 20. b3 Ndc5 21. Na2 Na6 22. Ne2 Rhd8 23. Nec1 c5 24. Nd3 Nac7 25. Nb2 b5 26. c4 bxc3 27. Nxc3 Nd4 28. axb5 Ndxb5 29. Nca4 Ne6 30. Rxd8 Rxd8 31. Rd1 Nbd4 32. Ka2 Rb8 33.
Rd3 Nf4 34. Rc3 Nxg2 35. Nxc5 Ne1 36. Ncd3 Nexf3 37. b4 Nd2 38. Rc7+ Kd6 39. Ra7 Nxe4 40. Nc4+ Ke6 41. Ra6+ Kf5 42. Ka3 h5 43. h4 g5 44.
Ne3+ Kg6 45. Nxe5+ Kg7 46. Nc6 Nxc6 47. Rxc6 gxh4 48.
Nf5+ Kg6 49. Nxh4+ Kg5 50. Nf3+ Kf4 51. Nd4 h4 52.
Rc1 h3 53. Rf1+ Kg4 54. Rg1+ Kf4 55. Rf1+ Ke3 56. Nf5+ Ke2 57. Rf4 Nd2 58. Rh4 Nf3 59. Rxh3 Ne5 60. b5 Nc4+ 61. Kb4 Nd2 62. Re3+ Kf2 63.
Re6 Nf3 64. Rxf6 Ke2 65. Kc5 Kd3 66. Rd6+ Ke4 67. Ne7 Ne5 68. Nc6 Nd3+ 69. Kc4 Nb2+ 70.
Kb4 Nd3+ 71. Ka5 Ra8+ 72. Kb6 Ra1 73. Kc7 Rb1 74. b6 Nc5 75. Nb8 Ke5 76. Nd7+ Nxd7 77. Rxd7 Ke6 78. Rh7 Rc1+ 79. Kb8 Kd6 80. b7 Rb1 81.
Kc8 Rc1+ 82. Kd8 Rb1 83. Rh6+ Kc5 84. Kc7 1-0

[Event "*** Titled Tuesday Blitz"]
[Site "Chess.com"]
[Date "2019.11.05"]
[Round "1"]
[White "TomasKapitanchuk"]
[Black "Jospem"]
[Result "1-0"]
[WhiteElo "2492"]
[BlackElo "2860"]
[TimeControl "180+2"]
[EndTime "13:12:07 PST"]
[Termination "TomasKapitanchuk won on time"]

1. e4 c5 2. Nf3 d6 3. Bb5+ Nd7 4. O-O a6 5. Bd3 Ngf6 6. Re1 e6 7. c3 b5 8. Bf1 Bb7 9. Qc2 Be7 10. a4 O-O 11. d3 e5 12. Bg5 Re8 13. Nbd2 h6 14. Bh4 Qb6 15. Bg3 Bf8 16. Nh4 g6 17. Kh1 Rac8 18.
Qd1 d5 19. Qf3 c4 20. axb5 axb5 21. Ra2 dxe4 22. dxe4 Bg7 23. Qe2 Nc5 24. Qe3 Ng4 25. Qf3 Nf6 26. Qe3 Qc6 27. f3 Nh5 28. Bf2 Ne6 29. g3 Red8 30. Raa1 Bf8 31. Rad1 Bc5 32. Qe2 Be7 33. Be3 Bxh4 34. gxh4 Nhf4 35. Qf2 h5 36. Nb1 Nd3 37. Bxd3 Rxd3 38. Rxd3 cxd3 39. Nd2 Qa6 40. Qg3 Qa2 41. Qxe5 Qxb2 42. Rg1 Qa2 43. Qxb5 Ba6 44. Qxh5 Rxc3 45. Qh6 Qa3 46. Nb1 Qb2 47. Nxc3 Qxc3 48. h5 Nf8 49. h4 Qf6 50. Qf4 Qe6 51. Kh2 Bc8 52. Rg3 Qa2+ 53. Rg2 Qe6 54. hxg6 Nxg6 55. Qf5 Qd6+ 56. Bf4 Qc6 57. Qg5 Qe6 58. h5 Qh3+ 59. Kg1 d2 60. Bxd2 Qxf3 61. hxg6 Qd1+ 62. Kh2 Be6 63. gxf7+ Kxf7 64. Qg7+ Ke8 65. Qg6+ Kd7 66. Qg7+ Ke8 67. Qe5 Qb3 68. Rg6 Qh3+ 69.
Kg1 Kd7 70. Qxe6+ Qxe6 71. Rxe6 Kxe6 72. Bc3 Kd6 73. Kf2 Kc5 74. Ke3 Kc4 75. e5 Kc5 76.
Ke4 Kc6 77. Kf5 Kd7 78. Kf6 Ke8 79. Ke6 Kf8 80. Kd7 Kg8 81. e6 Kf8 82. e7+ Kg8 83. e8=Q+ Kh7 84. Qh8+ Kg6 85. Qf6+ Kh5 86. Qg7 Kh4 87.
Ke6 Kh3 88. Kf5 Kh2 89. Kf4 Kh1 90. Kf3 1-0

[Event "*** Titled Tuesday Blitz"]
[Site "Chess.com"]
[Date "2019.11.05"]
[Round "1"]
[White "TomsKantans"]
[Black "ahkashefi2800"]
[Result "1-0"]
[WhiteElo "2591"]
[BlackElo "2196"]
[TimeControl "180+2"]
[EndTime "13:12:09 PST"]
[Termination "TomsKantans won by resignation"]

1. e4 c6 2. d4 d5 3. Nc3 dxe4 4. Nxe4 Nd7 5. Bc4 Ngf6 6. Ng5 e6 7. Qe2 Nb6 8. Bd3 h6 9. N5f3 Bd6 10. Ne5 O-O 11.
Ngf3 c5 12. dxc5 Bxc5 13. O-O Bd7 14. c4 Rc8 15. b3 Qe7 16. Bb2 Rfd8 17. Rad1 Ba3 18.
Ba1 Bc6 19. Nxc6 Rxc6 20. Bb1 Rcd6 21. Rxd6 Qxd6 22. Qc2 Qf4 23. Be5 Qg4 24. Bxf6 gxf6 25. Qh7+ Kf8 26. Qxh6+ Ke7 27. h3 Qg8 28. Qe3 Rd7 29.
Nd4 Qg5 30. Nf5+ Kf8 31. f4 Qh5 32. Ng3 Qc5 33. Qxc5+ Bxc5+ 34. Kh1 f5 35. Ne2 Rd2 36.
Nc3 Nd7 37. Rd1 Rxd1+ 38. Nxd1 Bd4 39. g3 a6 40. Kg2 b5 41. Kf3 bxc4 42. bxc4 Nb6 43. Bd3 f6 44. c5 Bxc5 45. Bxa6 Ba3 46. Nc3 Kf7 47. Ke2 Bc5 48. Bb5 Ba3 49. Kd3 e5 50. Kc2 e4 51. Ne2 Bb4 52. a4 Be1 53. h4 Kg6 54. Be8+ Kh6 55. Kb3 Nd5 56. Kc4 Ne3+ 57. Kb5 Nf1 58. a5 Nxg3 59. a6 Nxe2 60. a7 Nd4+ 61. Kc4 Ne6 62. a8=Q Bxh4 63. Bd7 Nxf4 64.
Bxf5 e3 65. Qe4 Kg5 66. Bd7 Ng6 67. Qxe3+ Kh5 68. Be8 f5 69. Qe6 Bf6 70. Qxf6 Kg4 71. Bxg6 f4 72. Be4 Kh3 73. Kd4 f3 74. Qxf3+ Kh4 75. Qg2 1-0

[Event "*** Titled Tuesday Blitz"]
[Site "Chess.com"]
[Date "2019.11.05"]
[Round "1"]
[White "Blackmind96"]
[Black "MathiasWomacka"]
[Result "1/2-1/2"]
[WhiteElo "2645"]
[BlackElo "2306"]
[TimeControl "180+2"]
[EndTime "13:13:14 PST"]
[Termination "Game drawn - insufficient material"]

1. e4 c5 2. Nc3 Nc6 3. g3 g6 4. Bg2 Bg7 5. Nge2 d6 6. O-O e5 7. d3 Nge7 8. Be3 O-O 9. Qd2 Nd4 10. f4 Be6 11. Nd1 Qd7 12. c3 Nxe2+ 13. Qxe2 Rad8 14. Nf2 b6 15. c4 f5 16. Rae1 Kh8 17. Nd1 Nc6 18. Nc3 Nd4 19. Bxd4 cxd4 20. Nd5 fxe4 21. Bxe4 Rc8 22. fxe5 Bxe5 23. Rxf8+ Rxf8 24. Rf1 Rxf1+ 25. Qxf1 Kg7 26. b3 b5 27. Qc1 bxc4 28. Qxc4 h5 29. Qc7 Qxc7 30. Nxc7 Bd7 31. a4 a5 32. Kf2 g5 33. Bd5 h4 34. Be6 Bc6 35.
Bc4 Kf6 36. Bb5 Bb7 37. Bc4 Bc6 38. Bd5 Bd7 39. Nb5 hxg3+ 40. hxg3 Kf5 41. Bf3 g4 42.
Bd5 Kf6 43. Na3 Bf5 44. Be4 d5 45. Bxf5 Kxf5 46. Nc2 Ke6 47. b4 axb4 48. Nxb4 Kd6 49. a5 Kc5 50. a6 Bb8 51. Nc2 Ba7 52. Ke2 Kb5 53. Kf2 Bc5 54. Ne1 Kxa6 55. Ng2 Kb5 56. Nf4 Kc6 57. Nh5 Be7 58. Ng7 Bg5 59. Nf5 Bf6 60. Nh6 Kd6 61. Nxg4 Bg7 62. Nh2 Ke6 63. Kf3 Kf5 64. Nf1 Be5 65. g4+ Kg5 66. Ng3 Kh4 67. Nf5+ Kg5 68. Ne7 Bh2 69. Nxd5 Bg1 70. Nf4 Be3 71. Ne2 Kh4 72. Ng3 Kg5 73. Ne4+ Kh4 74. Nd6 Kg5 75. Nf5 Bg1 76. Ne7 Be3 77. Nc6 Kh4 78. Ne5 Kg5 79. Nf7+ Kh4 80. Nd6 Kg5 81. Ne4+ Kh4 82. g5 Kh5 83. g6 Kxg6 84. Kg4 Bg1 85.
Nc5 Kf6 86. Kf4 Be3+ 87. Ke4 Ke7 88. Nb3 Kd7 89. Na1 Kc6 90. Nc2 Bg1 91. Ne1 Kd6 92.
Ng2 Bf2 93. Nf4 Kc6 94. Nh3 Be3 95. Ke5 Kc5 96. Ke6 Kb4 97. Ke5 Kc3 98. Ke4 Kc2 99.
Nf4 Bxf4 100. Kxd4 Kd2 101. Ke4 Be3 102. d4 Bxd4 1/2-1/2

[Event "*** Titled Tuesday Blitz"]
[Site "Chess.com"]
[Date "2019.11.05"]
[Round "1"]
[White "Guenplen"]
[Black "Qvalda"]
[Result "1/2-1/2"]
[WhiteElo "2986"]
[BlackElo "2528"]
[TimeControl "180+2"]
[EndTime "13:13:29 PST"]
[Termination "Game drawn by repetition"]

1. Nf3 d5 2. e3 Nf6 3. c4 e6 4.
b3 Be7 5. Bb2 O-O 6. Nc3 c5 7.
cxd5 exd5 8. d4 Nc6 9. Be2 Bg4 10. dxc5 Bxc5 11. O-O Re8 12. Rc1 Bf8 13. Nd4 Bxe2 14. Ncxe2 Rc8 15. Nxc6 Rxc6 16. Nd4 Rxc1 17. Qxc1 Qd7 18.
Rd1 Rc8 19. Qa1 Ne4 20. h3 Bb4 21. Rc1 Rxc1+ 22. Qxc1 h6 23. a3 Bf8 24. Qc2 a6 25.
Nf3 Qc6 26. Qxc6 bxc6 27. b4 c5 28. bxc5 Bxc5 29. Kf1 Kf8 30. Ke2 g6 31. Ne5 Ke7 32. Nd3 Bd6 33. f3 Ng3+ 34. Kf2 Nf5 35. g4 Nh4 36. f4 f5 37. Bg7 fxg4 38. Bxh6 g3+ 39. Ke2 Nf5 40. Bg5+ Ke6 41. a4 Be7 42. Bxe7 Kxe7 43.
Ne1 Kd6 44. Kf3 Kc5 45. Ng2 Kb4 46. Kg4 Kxa4 47. Kg5 Kb4 48. h4 a5 49. h5 gxh5 50. Kxf5 a4 51. Ke6 a3 52. f5 a2 53. f6 a1=Q 54.
Nf4 Qa6+ 55. Kf5 Qb7 56. Kg6 h4 57. f7 Qc6+ 58. Kg7 Qd7 59. Kf6 Qd8+ 60. Kg7 Qg5+ 61.
Kh7 Qf6 62. Kg8 Qg5+ 63. Kh7 Qe7 64. Nxd5+ Kc4 65. Nxe7 g2 66. f8=Q g1=Q 67. Qf4+ Kd3 68. Qf5+ Ke2 69. Qh5+ Kd3 70. Qf5+ Ke2 71. Nd5 Qg3 72.
e4 h3 73. Nf4+ Ke3 74. Nd5+ Kd4 75. Qf6+ Kxe4 76. Nc3+ Kd3 77. Qa6+ Ke3 78. Qb6+ Kd3 79. Qb5+ Kxc3 80. Qa5+ Kc2 81. Qa2+ Kd1 82. Qb1+ Ke2 83. Qc2+ Kf1 84. Qc4+ Kg2 85. Qc2+ Qf2 86. Qc6+ Qf3 87. Qc2+ Kg3 88. Qc7+ Kf2 89. Qc2+ Qe2 90. Qf5+ Kg2 91. Qg5+ Kf1 92. Qc1+ Qe1 93. Qc4+ Kg2 94. Qc6+ Kg1 95. Qg6+ Kh1 96. Qc6+ Kh2 97. Qc2+ Kg1 98. Qg6+ Kf1 99. Qf5+ Kg2 100. Qg6+ Kf3 101. Qf5+ Kg3 102. Qg6+ Kh2 103. Qc2+ Kh1 104. Qc6+ Kg1 105. Qg6+ 1/2-1/2

[Event "*** Titled Tuesday Blitz"]
[Site "Chess.com"]
[Date "2019.11.05"]
[Round "1"]
[White "alishersuleymenov"]
[Black "Tsschessulover"]
[Result "1/2-1/2"]
[WhiteElo "2786"]
[BlackElo "2438"]
[TimeControl "180+2"]
[EndTime "13:15:31 PST"]
[Termination "Game drawn by agreement"]

1. d4 Nf6 2. Nf3 g6 3. Bg5 Bg7 4. Nbd2 d5 5. c3 O-O 6. e3 b6 7. Bd3 Bb7 8. Qb1 Nbd7 9. O-O c5 10. h3 Qc7 11. Bf4 Qc8 12. a4 Re8 13. Bh2 a6 14. b4 Qc6 15. b5 Qc8 16. a5 axb5 17. Bxb5 bxa5 18. dxc5 Qxc5 19. Bxd7 Nxd7 20. Qxb7 Nb6 21.
Nb3 Qb5 22. Nbd4 Qa6 23. Qxa6 Rxa6 24. Rfb1 Nc4 25. Ra4 e5 26. Ne2 Rea8 27. Nc1 Nb6 28. Ra2 f6 29. Nd2 a4 30. Nd3 Rc8 31. e4 Rxc3 32.
Nb4 Ra5 33. Nxd5 Nxd5 34. exd5 Rxd5 35. Ne4 Rb3 36. Rba1 f5 37. Nd2 Rb4 38. Nf1 e4 39.
Rxa4 Bxa1 40. Rxb4 Rd1 41. Bf4 Bf6 42. Rb6 Kf7 43.
Rb7+ Ke6 44. Be3 h5 45. g3 h4 46. Kg2 hxg3 47. Nxg3 Rd3 48. Rb6+ Kf7 49. Rb5 Ke6 50.
Ra5 Rb3 51. Ra2 Rd3 52. Rc2 Rb3 53. Ne2 Rb7 54. Rc6+ Kf7 55. Bd4 Bxd4 56. Nxd4 Re7 57. Kf1 f4 58. Ke2 g5 59. Nf5 Re6 60. Rc8 Ra6 61.
Rc2 Kf6 62. Nd4 Rd6 63. Nb5 Rd5 64. Nc3 Re5 65. Ra2 Kg6 66. Ra6+ Kh5 67. Rf6 e3 68. f3 Ra5 69. Ne4 Ra2+ 70. Ke1 Ra1+ 71. Ke2 Ra2+ 72. Kd3 e2 73. Re6 e1=Q 74. Nf6+ Kg6 75.
Rxe1 Kxf6 76. Rb1 Ra3+ 77. Ke2 Ra2+ 78. Kd3 Rh2 79. Ke4 Rxh3 80. Rb6+ Kg7 81. Ra6 Rg3 82. Rc6 Rg2 83. Kf5 Rg3 84. Rc7+ Kf8 85. Rc3 g4 86.
Rc8+ Ke7 87. fxg4 f3 88. Rc2 Rg2 89. Rc3 f2 90. Rf3 Kf7 91. Kg5+ Kg7 92. Kh4 Kg6 93. Rf8 Kg7 94. Rf4 Kg6 95. Rf5 Kg7 96. Kh3 Rg1 97. Rxf2 Ra1 98. Kh4 Ra5 99. Rb2 Rc5 100. Rb7+ Kg6 101. Rb6+ Kg7 102. Re6 Rb5 103. g5 Rb1 104. Re4 Rh1+ 105. Kg4 Rg1+ 106. Kf5 Rf1+ 107. Ke6 Kg6 108. Re5 Rg1 109. Ra5 Rxg5 110. Ra8 Rg4 111. Rg8+ Kh5 112. Rh8+ Kg5 113. Rg8+ Kf4 114. Ra8 Rg6+ 115. Kd5 Rg5+ 116. Kd4 Rf5 117. Ra1 Kg5 118. Ke4 Rf7 119. Rg1+ Kh4 120. Ke5 Rf2 121. Rg6 Rf1 122. Ke4 Rf2 123. Ke3 Rf8 124. Rg1 Rf7 125. Rg8 Rf6 126. Rg7 Rf8 127. Rg2 Kh3 128. Rb2 Kh4 129. Ke4 Kg4 130. Rg2+ Kh5 131. Rg1 Kh4 132. Kd5 Re8 133. Kd6 Re2 134. Kd5 Re8 135. Kd4 1/2-1/2

[Event "*** Titled Tuesday Blitz"]
[Site "Chess.com"]
[Date "2019.11.05"]
[Round "2"]
[White "WeAintSurePal"]
[Black "Svet99"]
[Result "1-0"]
[WhiteElo "2442"]
[BlackElo "2154"]
[TimeControl "180+2"]
[EndTime "13:17:11 PST"]
[Termination "WeAintSurePal won by resignation"]

1. e4 c6 2. d4 d5 3. e5 Bf5 4.
Nf3 e6 5. Be2 Ne7 6. O-O h6 7.
c4 Bg6 8. Nc3 Nf5 9. cxd5 exd5 10. Re1 Be7 11. e6 f6 12. Bd3 Bd6 13. Qc2 h5 14.
Bxf5 1-0

[Event "*** Titled Tuesday Blitz"]
[Site "Chess.com"]
[Date "2019.11.05"]
[Round "2"]
[White "pedroholly22"]
[Black "Borsuk_Konstantin"]
[Result "1-0"]
[WhiteElo "2346"]
[BlackElo "2521"]
[TimeControl "180+2"]
[EndTime "13:17:28 PST"]
[Termination "pedroholly22 won by resignation"]

1. e4 e6 2. d4 d5 3. Nc3 Bb4 4. e5 b6 5. Qg4 Bf8 6. Nf3 h6 7. Bd3 Ba6 8. O-O Ne7 9. Nh4 c5 10.
dxc5 bxc5 11. Bxa6 Nxa6 12. Qa4+ 1-0

[Event "*** Titled Tuesday Blitz"]
[Site "Chess.com"]
[Date "2019.11.05"]
[Round "2"]
[White "MartinZumsande"]
[Black "MalyDominator"]
[Result "1-0"]
[WhiteElo "2498"]
[BlackElo "2207"]
[TimeControl "180+2"]
[EndTime "13:17:41 PST"]
[Termination "MartinZumsande won by resignation"]

1. e4 c5 2. Nf3 Nc6 3. c3 d5 4.
exd5 Qxd5 5. d4 cxd4 6. cxd4 Bf5 7.
Nc3 Qd7 8. d5 Nb4 9. Bb5 Nc2+ 10. Ke2 Nxa1 11. Bxd7+ Bxd7 12. Be3 Nf6 13. Qd2 1-0

[Event "*** Titled Tuesday Blitz"]
[Site "Chess.com"]
[Date "2019.11.05"]
[Round "2"]
[White "RitvarsReimanis"]
[Black "KhalilMousavi77"]
[Result "0-1"]
[WhiteElo "2603"]
[BlackElo "2891"]
[TimeControl "180+2"]
[EndTime "13:17:52 PST"]
[Termination "KhalilMousavi77 won by resignation"]

1. d4 d5 2. c4 e6 3. Nf3 Nf6 4. Nc3 dxc4 5. e3 c5 6. Bxc4 a6 7. Bb3 b5 8. O-O Bb7 9. Qe2 Nbd7 10. Rd1 Qc7 11. Bd2 Bd6 12. dxc5 Nxc5 13. h3 Nxb3 14. axb3 O-O 15. e4 b4 16. e5 Bxf3 17. exd6 Bxe2 18. dxc7 bxc3 19. Re1 cxd2 20. Rxe2 Rfc8 21. Rxd2 Nd5 0-1

[Event "*** Titled Tuesday Blitz"]
[Site "Chess.com"]
[Date "2019.11.05"]
[Round "2"]
[White "TigranLPetrosyan"]
[Black "goingin33"]
[Result "1-0"]
[WhiteElo "2899"]
[BlackElo "2396"]
[TimeControl "180+2"]
[EndTime "13:17:56 PST"]
[Termination "TigranLPetrosyan won by resignation"]

1. e4 e6 2. d4 d5 3. Nc3 Bb4 4. e5 c5 5. a3 Bxc3+ 6. bxc3 Ne7 7. Qg4 O-O 8. Bd3 Nbc6 9. Bg5 Qa5 10. Ne2 Ng6 11. h4 c4 12. Bxg6 fxg6 13. h5 1-0

[Event "*** Titled Tuesday Blitz"]
[Site "Chess.com"]
[Date "2019.11.05"]
[Round "2"]
[White "DonPreuss"]
[Black "dimke2802"]
[Result "0-1"]
[WhiteElo "2122"]
[BlackElo "2434"]
[TimeControl "180+2"]
[EndTime "13:18:32 PST"]
[Termination "dimke2802 won by resignation"]

1. d4 Nf6 2. Nc3 g6 3. e4 d6 4. f4 c5 5. d5 Bg7 6. Nf3 O-O 7. a4 e6 8. dxe6 fxe6 9. Bc4 Kh8 10. O-O Nc6 11.
e5 dxe5 12. Qxd8 Rxd8 13. fxe5 Ng4 14. Ng5 Ngxe5 15. Bxe6 h6 16. Nf7+ Nxf7 17. Bxf7 Bf5 18.
Be3 Nd4 19. Rf2 Nxc2 0-1

[Event "*** Titled Tuesday Blitz"]
[Site "Chess.com"]
[Date "2019.11.05"]
[Round "2"]
[White "vlad_Sid"]
[Black "Bishops83"]
[Result "1-0"]
[WhiteElo "2514"]
[BlackElo "2278"]
[TimeControl "180+2"]
[EndTime "13:18:35 PST"]
[Termination "vlad_Sid won by resignation"]

1. e4 c5 2. Nf3 Nc6 3. d4 cxd4 4.
Nxd4 g6 5. c4 Bg7 6. Be3 Nf6 7.
Nc3 O-O 8. Be2 d6 9. O-O Bd7 10.
f3 Nxd4 11. Bxd4 a5 12. Qd2 Bc6 13. Kh1 Nd7 14. Be3 a4 15. Rfc1 Qa5 16. Rab1 Rfc8 17. Qe1 h5 18. Qf2 Qb4 19. Bd2 Qc5 20. Be3 Qxc4 21.
Bxc4 1-0

[Event "*** Titled Tuesday Blitz"]
[Site "Chess.com"]
[Date "2019.11.05"]
[Round "2"]
[White "StephenDedalus83"]
[Black "Slovak_fighter2000"]
[Result "0-1"]
[WhiteElo "2808"]
[BlackElo "2400"]
[TimeControl "180+2"]
[EndTime "13:18:51 PST"]
[Termination "Slovak_fighter2000 won by resignation"]

1. e4 c6 2. d4 d5 3. e5 Bf5 4.
h4 h5 5. Bd3 Bxd3 6. Qxd3 e6 7.
Bg5 Qb6 8. Nd2 Be7 9. Ne2 Nd7 10. O-O Bxg5 11. hxg5 g6 12. c4 Ne7 13. c5 Qd8 14. b4 Nf5 15. f4 Kf8 16. Kf2 Kg7 17. Rh1 b6 18. Rh3 bxc5 19. bxc5 Qa5 20. Nb3 Qa3 21. Ng1 Rab8 22. Nf3 Rb4 23. Qd2 Rxb3 0-1

[Event "*** Titled Tuesday Blitz"]
[Site "Chess.com"]
[Date "2019.11.05"]
[Round "2"]
[White "orrbaverlekszarnyon"]
[Black "GelmanAlexander"]
[Result "0-1"]
[WhiteElo "2212"]
[BlackElo "2494"]
[TimeControl "180+2"]
[EndTime "13:19:16 PST"]
[Termination "GelmanAlexander won by resignation"]

1. e4 d5 2. exd5 Qxd5 3. c4 Qe4+ 4. Qe2 Qxe2+ 5. Bxe2 e5 6. Nf3 Nc6 7. Nc3 Bf5 8. O-O O-O-O 9. a3 Bc5 10. b4 Bd4 11. b5 Na5 12. h3 Nf6 13. Ng5 Bg6 14. Bf3 Bxc3 15. dxc3 h6 0-1

[Event "*** Titled Tuesday Blitz"]
[Site "Chess.com"]
[Date "2019.11.05"]
[Round "2"]
[White "XiaoKangZhong"]
[Black "Adham_Fawzy"]
[Result "0-1"]
[WhiteElo "2366"]
[BlackElo "2719"]
[TimeControl "180+2"]
[EndTime "13:19:20 PST"]
[Termination "Adham_Fawzy won by resignation"]

1. e4 c5 2. c3 Nf6 3. e5 Nd5 4. d4 cxd4 5. cxd4 d6 6. Nf3 Nc6 7. Bc4 dxe5 8. dxe5 Ndb4 9. Qxd8+ Nxd8 10. Na3 Be6 11.
O-O Bxc4 12. Nxc4 Rc8 13. b3 Ndc6 14. Bd2 Nd3 15. Bc3 b5 16. Na5 b4 17. Nxc6 bxc3 18. Nxa7 Rc5 19. b4 Nxb4 20. Rfc1 e6 21. a3 Nd3 22.
Rc2 Be7 23. Rb1 O-O 24. Nb5 Nb2 25. Nxc3 Na4 26. Rb3 Rfc8 27. Rb7 Kf8 0-1

[Event "*** Titled Tuesday Blitz"]
[Site "Chess.com"]
[Date "2019.11.05"]
[Round "2"]
[White "tteshan"]
[Black "Korchmar_Vasiliy"]
[Result "0-1"]
[WhiteElo "2289"]
[BlackElo "2703"]
[TimeControl "180+2"]
[EndTime "13:19:34 PST"]
[Termination "Korchmar_Vasiliy won by resignation"]

1. d4 Nf6 2. c4 g6 3. Nc3 d5 4. Qb3 dxc4 5. Qxc4 Bg7 6. e4 Be6 7. Qb5+ Bd7 8. Qxb7 Nc6 9. Nb5 O-O 10. Nf3 Nb4 11. Kd1 Rb8 12. Qxc7 Bxb5 13. Qxd8 Rfxd8 0-1